 Dungeon Crawl Stone Soup version 0.21.1-1-g345015f (webtiles) character file.

116649 wojtek the Severer (level 16, -1/145 HPs)
             Began as a Minotaur Fighter on July 4, 2018.
             Was the Champion of Makhleb.
             Shot with a bolt by Vashnia (22 damage)
             ... on level 1 of the Snake Pit.
             The game lasted 00:59:21 (29414 turns).

wojtek the Severer (Minotaur Fighter)              Turns: 29414, Time: 00:59:21

Health: -1/145     AC: 26    Str: 29    XL:     16   Next: 21%
Magic:  24/24      EV: 10    Int:  5    God:    Makhleb [******]
Gold:   1035       SH: 14    Dex:  9    Spells: 15/15 levels left

rFire    . . .     SeeInvis .   a - +2 broad axe (freeze)
rCold    . . .     Gourm    .   c - +0 shield
rNeg     . . .     Faith    .   h - +4 plate armour {rPois}
rPois    +         Spirit   .   T - +2 hat
rElec    .         Reflect  .   L - +0 cloak
rCorr    +         Harm     .   Z - +1 pair of gloves
MR       ++...                  (no boots)
Stlth    ..........             U - amulet of regeneration
HPRegen  0.74/turn              s - ring of protection from magic
MPRegen  0.19/turn              N - ring of resist corrosion

@: lethally poisoned (-1 -> -9), constricted
A: retaliatory headbutt, horns 2
a: Minor Destruction, Lesser Servant of Makhleb, Major Destruction, Greater
Servant of Makhleb, Renounce Religion


You were on level 1 of the Snake Pit.
You worshipped Makhleb.
Makhleb was exalted by your worship.
You were not hungry.

You visited 5 branches of the dungeon, and saw 26 of its levels.
You also visited: Labyrinth and Ossuary.

You collected 2529 gold pieces.
You spent 1494 gold pieces at shops.

Inventory:

Hand Weapons
 a - a +2 broad axe of freezing (weapon)
Missiles
 y - 2 throwing nets (quivered)
 R - 4 javelins of returning
Armour
 c - a +0 shield (worn)
 h - a +4 plate armour of poison resistance (worn)
 x - the +2 cloak "Dobot" {rF++ Int+3 Slay-4}
   (You bought it in a shop on level 2 of the Orcish Mines)

   It affects your intelligence (+3).
   It affects your accuracy and damage with ranged weapons and melee attacks
   (-4).
   It greatly protects you from fire.
 L - a +0 cloak (worn)
 T - a +2 hat (worn)
 Z - a +1 pair of gloves (worn)
Jewellery
 s - a ring of protection from magic (left hand)
 F - an uncursed ring of ice
 N - a ring of resist corrosion (right hand)
 S - a +5 ring of dexterity
 U - an amulet of regeneration (around neck)
Wands
 l - a wand of iceblast (24)
 A - a wand of digging (68)
 G - a wand of disintegration (49)
 H - a wand of clouds (8)
 J - a wand of enslavement (9)
 K - a wand of scattershot (6)
 O - a wand of paralysis (31)
 P - a wand of acid (41)
 Y - a wand of flame (46)
Scrolls
 e - 7 scrolls of teleportation
 k - 4 scrolls of summoning
 m - 7 scrolls of identify
 n - a scroll of enchant armour
 o - 2 scrolls of fear
 r - 11 scrolls of remove curse
 t - 4 scrolls of blinking
 u - 2 scrolls of silence {unknown}
 v - 2 scrolls of noise {unknown}
 w - 6 scrolls of magic mapping
 z - a scroll of enchant weapon
 B - 2 scrolls of vulnerability {unknown}
 I - 2 scrolls of amnesia {unknown}
 M - 4 scrolls of fog {unknown}
Potions
 b - 14 potions of curing
 d - 3 potions of might
 i - 13 potions of heal wounds
 j - 7 potions of agility
 q - 11 potions of flight
 C - a potion of brilliance
 Q - a potion of invisibility
 V - 3 potions of lignification
 X - 2 potions of ambrosia
Books
 p - a book of the Sky

   Spells                             Type                      Level
   a - Summon Lightning Spire         Summoning/Air                4
   b - Silence                        Hexes/Air                    5
   c - Deflect Missiles               Charms/Air                   6
   d - Conjure Ball Lightning         Conjuration/Air              6
   e - Tornado                        Air                          9
 W - a book of Power

   Spells                             Type                      Level
   a - Iskenderun's Battlesphere      Conjuration/Charms           5
   b - Venom Bolt                     Conjuration/Poison           5
   c - Bolt of Magma                  Conjuration/Fire/Earth       5
   d - Iron Shot                      Conjuration/Earth            6
   e - Orb of Destruction             Conjuration                  7
   f - Spellforged Servitor           Conjuration/Summoning        7
Miscellaneous
 E - a fan of gales
Comestibles
 f - 38 rations


   Skills:
 + Level 13.9 Fighting
 + Level 15.1 Axes
 + Level 14.0 Armour
 + Level 12.6 Dodging
 + Level 14.0 Shields
 - Level 13.2 Invocations


You had 15 spell levels left.
You didn't know any spells.

Dungeon Overview and Level Annotations

Branches:
Dungeon (15/15)            Temple (1/1) D:6            Lair (6/6) D:10
 Shoals (0/4) Lair:2        Snake (2/4) Lair:4        Slime (0/5) Lair:6
    Orc (2/2) D:11            Elf (0/3) Orc:2        Vaults (0/5) D:13
 Depths (0/5) D:15

Altars:
Ashenzari
Cheibriados
Dithmenos
Elyvilon
Fedhas
Gozag
Hepliaklqana
Kikubaaqudgha
Makhleb
Nemelex Xobeh
Okawaru
Qazlal
Ru
Sif Muna
Trog
Uskayaw
Vehumet
Wu Jian
Xom
Yredelemnul
Zin
The Shining One
Beogh
Jiyva

Shops:
D:7 ?   D:10 :   D:11 [   Orc:2 ([*:

Annotations:
D:9 RottenKnight's ghost, novice DrCj
Snake:1 Vashnia


Innate Abilities, Weirdness & Mutations

You reflexively headbutt those who attack you in melee.
You have a pair of horns on your head.


Message History

You resist.
* * * LOW HITPOINT WARNING * * *
The bolt of poison hits the naga warrior.
You climb upwards.
You feel very sick.
There is a stone staircase leading down here.
Unknown command.
Unknown command.
Unknown command.
Unknown command.
Unknown command.
As you read the scroll of fear, it crumbles to dust.
You assume a fearsome visage.
Vashnia resists with almost no effort.
The guardian serpent looks frightened!
The naga sharpshooter looks frightened! x2
The naga warrior resists with almost no effort.
The naga warrior easily resists.
You feel sick.
The naga warrior hits you but does no damage.
The naga warrior grabs you. The naga warrior constricts you.
Vashnia shoots a bolt.
The bolt hits you!!
You die...

#................
##................
#.................
##.................
#..................
#................##
##...S..........##..
#.N............##.##
#.N@N.........##.###
##..N........)#.#.# #
#.....N..........## #
#.....[..(...#..)## #
#..).........#....# #
##...>)......##..#####
#............##.## ##.
#...........##.## ##..
#.....###......# #...


You could see Vashnia, 2 naga warriors, 2 naga sharpshooters and a guardian
serpent (fleeing).

Vanquished Creatures
  Gastronok (D:8)
  Kirke (D:13)
  A fire giant (D:15)
  2 orc warlords
  A minotaur (Lab)
  A fire dragon (Lair:6)
  Erolcha (D:10)
  A vault guard (D:13)
  Fannar (D:11)
  A naga warrior (Snake:1)
  6 hydras
  3 centaur warriors
  2 anacondas (Snake:1)
  A death knight (D:15)
  An ogre mage (D:15)
  A catoblepas (Lair:2)
  3 death yaks (Lair:4)
  8 two-headed ogres
  A shock serpent (Snake:1)
  4 orc high priests (Orc:2)
  A naga sharpshooter (Snake:2)
  A fire crab (Lair:6)
  An unseen horror (shapeshifter) (D:13)
  3 skeletal warriors (D:14)
  An unseen horror (D:10)
  2 lindwurms (Lair:6)
  A wolf spider zombie (D:15)
  A wolf spider (Lair:6)
  4 mana vipers
  4 orc knights
  4 orc sorcerers (Orc:2)
  An orb spider (shapeshifter) (D:14)
  5 ugly things
  A manticore (D:13)
  2 cyclopes
  A salamander (Snake:2)
  10 elephants
  A guardian serpent (Lair:6)
  Psyche (D:8)
  14 black mambas
  2 naga magi (Snake:1)
  10 spiny frogs
  A spiny frog (shapeshifter) (D:14)
  3 gargoyles
  5 torpor snails (Lair:6)
  A rime drake (Lair:4)
  A freezing wraith (D:15)
  9 komodo dragons
  A queen bee (D:10)
  A tengu conjurer (D:13)
  An efreet (D:14)
  A queen bee (shapeshifter) (D:15)
  7 trolls
  3 tyrant leeches (Lair:6)
  10 hornets
  10 slime creatures
  34 blink frogs
  5 dream sheep (Lair:5)
  13 hippogriffs
  5 shadows
  3 redbacks
  56 yaks
  14 wyverns
  A human (shapeshifter) (D:13)
  4 wraiths
  A basilisk (shapeshifter) (D:15)
  5 basilisks
  A hog (D:13)
  The ghost of Swet the Ducker, an amateur MfGl of Yredelemnul (D:4)
  3 hungry ghosts
  A warg (Orc:2)
  Menkaure (D:6)
  5 nagas (Snake:1)
  27 water moccasins
  2 hell hounds (D:10)
  3 porcupines
  7 sky beasts
  26 orc warriors
  A black bear (D:6)
  An eye of draining (D:13)
  5 ice beasts
  13 ogres
  2 phantoms
  17 wolves
  13 crocodiles
  13 centaurs
  A big kobold (D:7)
  20 bullfrogs
  Blork the orc (D:6)
  A gnoll sergeant (D:10)
  3 wyvern zombies
  A water moccasin zombie (Ossuary)
  6 scorpions
  42 killer bees
  8 wights
  A howler monkey (D:7)
  2 electric eels
  A vampire bat (Lair:5)
  4 crimson imps
  6 centaur zombies
  5 bullfrog zombies
  A quasit (D:5)
  12 hounds
  16 orc priests
  2 bullfrog skeletons
  3 centaur skeletons
  2 jellies
  A gnoll shaman (D:8)
  2 iguanas
  16 orc wizards
  6 hell rats (Lair:4)
  7 worker ants
  3 killer bee zombies
  A hound zombie (D:8)
  10 mummies
  10 worker ant zombies (Ossuary)
  13 gnolls
  12 adders
  6 shadow imps
  6 adder zombies
  An adder skeleton (D:9)
  4 worms
  2 dart slugs
  7 leopard geckos
  79 orcs
  2 ball pythons
  12 bats
  7 giant cockroaches
  6 goblins
  8 hobgoblins
  25 jackals
  3 quokkas
  2 frilled lizards
  A giant cockroach zombie (D:6)
  A jackal skeleton (D:7)
  A jackal zombie (Ossuary)
  11 kobolds
  3 leopard gecko zombies (Ossuary)
  2 quokka zombies (Ossuary)
  5 rats
  2 fungi (Lair:6)
  5 plants
  A withered plant (Ossuary)
870 creatures vanquished.

Vanquished Creatures (collateral kills)
  Rupert (Lair:3)
  Aizul (Snake:1)
  A death yak (Lair:4)
  An orc high priest (Orc:2)
  Urug (D:15)
  An orc knight (Orc:2)
  A mana viper (Snake:1)
  3 oklob plants (Lair:5)
  2 centaur zombies (D:14)
  A black mamba (Snake:1)
  A troll (D:14)
  3 blink frogs (Lair:3)
  3 yaks (Lair:3)
  A naga (Snake:1)
  A water moccasin (Lair:3)
  An orc warrior (Orc:2)
  An ogre (Orc:2)
  A black bear (Lair:3)
  2 crocodiles (Lair:3)
  A killer bee (D:10)
  2 orc priests
  2 orcs (D:10)
  A fungus (Orc:2)
33 creatures vanquished.

Vanquished Creatures (others)
  A bullfrog (D:13)
  An orc (Orc:2)
  16 fungi
  46 plants
  2 withered plants (Ossuary)
66 creatures vanquished.

Grand Total: 969 creatures vanquished

Notes
Turn   | Place    | Note
-------+----------+-------------------------------------------
     0 | D:1      | wojtek the Minotaur Fighter began the quest for the Orb.
     0 | D:1      | Reached XP level 1. HP: 19/19 MP: 0/0
    45 | D:1      | Reached skill level 3 in Axes
   110 | D:1      | Reached XP level 2. HP: 21/26 MP: 1/1
   230 | D:1      | Reached skill level 4 in Axes
   295 | D:1      | Reached XP level 3. HP: 30/31 MP: 2/2
   675 | D:2      | Reached skill level 5 in Axes
   683 | D:2      | Reached XP level 4. HP: 24/39 MP: 3/3
  1143 | D:2      | Reached skill level 6 in Axes
  1156 | D:2      | Noticed a hungry ghost
  1185 | D:2      | Paralysed by fainting for 7 turns
  1196 | D:2      | Killed a hungry ghost
  1196 | D:2      | Reached skill level 7 in Axes
  1196 | D:2      | Reached XP level 5. HP: 34/45 MP: 4/4
  1691 | D:2      | Reached XP level 6. HP: 51/51 MP: 5/5
  2280 | D:3      | Reached skill level 1 in Dodging
  3061 | D:4      | Reached skill level 8 in Axes
  3061 | D:4      | Reached XP level 7. HP: 26/60 MP: 6/6
  3256 | D:4      | Noticed Swet's ghost (amateur MfGl)
  3268 | D:4      | Killed Swet's ghost
  4048 | D:5      | Entered Level 5 of the Dungeon
  4085 | D:5      | Reached skill level 5 in Fighting
  4085 | D:5      | Reached skill level 5 in Armour
  4227 | D:5      | Reached skill level 5 in Shields
  4338 | D:5      | Reached XP level 8. HP: 64/68 MP: 7/7
  4826 | D:6      | Reached skill level 9 in Axes
  5290 | D:6      | Found a staircase to the Ecumenical Temple.
  5291 | D:6      | Noticed Menkaure
  5307 | D:6      | Killed Menkaure
  5328 | D:6      | Reached XP level 9. HP: 68/78 MP: 8/8
  5352 | Temple   | Entered the Ecumenical Temple
  5484 | Temple   | Became a worshipper of Makhleb the Destroyer
  5636 | D:6      | Noticed Blork the orc
  5641 | D:6      | Killed Blork the orc
  5717 | D:6      | Found a deep blue altar of Sif Muna.
  5717 | D:6      | Found a shimmering altar of Xom.
  5722 | D:6      | Found a basalt altar of Yredelemnul.
  5724 | D:6      | Found a shattered altar of Ashenzari.
  5725 | D:6      | Found a glowing silver altar of Zin.
  5912 | D:7      | Found a sand-covered staircase.
  5916 | D:7      | Reached skill level 1 in Invocations
  5924 | Ossuary  | Entered an ossuary
  6053 | Ossuary  | Reached skill level 5 in Dodging
  6073 | Ossuary  | Reached * piety under Makhleb
  6408 | D:7      | Reached ** piety under Makhleb
  6580 | D:7      | Reached skill level 10 in Axes
  7023 | D:7      | Reached XP level 10. HP: 86/86 MP: 12/12
  7241 | D:7      | Found Diammair's Magic Scroll Shop.
  7248 | D:7      | Bought a scroll of magic mapping for 35 gold pieces
  7248 | D:7      | Bought a scroll of remove curse for 30 gold pieces
  7248 | D:7      | Bought a scroll of identify for 20 gold pieces
  7248 | D:7      | Bought a scroll of teleportation for 30 gold pieces
  7441 | D:8      | Noticed Psyche
  7447 | D:8      | Reached *** piety under Makhleb
  7450 | D:8      | Killed Psyche
  7517 | D:8      | Noticed Gastronok
  7544 | D:8      | Killed Gastronok
  7544 | D:8      | Reached skill level 5 in Invocations
  7909 | D:4      | Got a slimy ring mail
  7910 | D:4      | Identified the +4 ring mail of the Falcon {Int+6} (You found it on level 4 of the Dungeon)
  8309 | D:9      | Noticed a two-headed ogre
  8315 | D:9      | Reached **** piety under Makhleb
  8601 | D:8      | Killed a two-headed ogre
  8601 | D:8      | Reached XP level 11. HP: 60/95 MP: 14/14
  8986 | D:9      | Noticed RottenKnight's ghost (novice DrCj)
  8991 | D:9      | Reached skill level 11 in Axes
  9909 | D:10     | Entered Level 10 of the Dungeon
 10216 | D:10     | Killed an unseen horror
 10277 | D:10     | Found Ritzy's Book Emporium.
 10401 | D:10     | Found a staircase to the Lair.
 10839 | D:9      | Found an iron altar of Okawaru.
 11073 | D:10     | Reached ***** piety under Makhleb
 12086 | D:10     | Noticed Erolcha
 12097 | D:10     | Killed Erolcha
 12097 | D:10     | Reached XP level 12. HP: 106/106 MP: 17/17
 12325 | D:10     | Found a shadowy altar of Dithmenos.
 12446 | Lair:1   | Entered Level 1 of the Lair of Beasts
 12547 | Lair:1   | Reached skill level 10 in Armour
 12643 | Lair:1   | Reached skill level 10 in Fighting
 12664 | Lair:1   | Reached skill level 10 in Shields
 13302 | Lair:1   | Reached skill level 12 in Axes
 13923 | Lair:2   | Noticed a catoblepas
 13956 | Lair:2   | Killed a catoblepas
 13956 | Lair:2   | Reached skill level 10 in Invocations
 14167 | Lair:2   | Found a staircase to the Shoals.
 14605 | Lair:3   | Reached XP level 13. HP: 105/114 MP: 19/19
 14643 | Lair:3   | Noticed Rupert
 14653 | Lair:3   | Paralysed by Rupert for 2 turns
 15344 | Lair:4   | Found a staircase to the Snake Pit.
 15405 | Lair:4   | Reached ****** piety under Makhleb
 16801 | Lair:5   | Reached skill level 10 in Dodging
 17408 | Lair:3   | Killed Rupert
 17408 | Lair:3   | Reached skill level 13 in Axes
 18231 | D:11     | Found a roughly hewn altar of Beogh.
 18231 | D:11     | Found a staircase to the Orcish Mines.
 18490 | D:11     | Noticed Fannar
 18503 | D:11     | Killed Fannar
 18551 | D:11     | Reached XP level 14. HP: 125/125 MP: 21/21
 18633 | D:11     | Found Oduof's Antique Armour Boutique.
 18645 | D:11     | Bought a pair of embroidered gloves for 217 gold pieces
 20164 | D:13     | Found a gate to the Vaults.
 20310 | D:13     | Noticed Kirke
 20353 | D:13     | Killed Kirke
 20683 | D:14     | Found a labyrinth entrance.
 20710 | Lab      | Entered a labyrinth
 20808 | Lab      | Found an exit through the horrors of the Abyss.
 22273 | Lair:5   | Got a heavily runed scale mail
 22274 | Lair:5   | Identified the +1 scale mail of the Vestibule of Hell {rC+} (You found it on level 5 of the Lair of Beasts)
 22314 | Lair:6   | Entered Level 6 of the Lair of Beasts
 22314 | Lair:6   | Found a staircase to the Slime Pits.
 22314 | Lair:6   | Found a viscous altar of Jiyva.
 22645 | Lair:6   | Paralysed by a hornet for 2 turns
 22985 | Lair:6   | Reached XP level 15. HP: 116/134 MP: 23/23
 23000 | Lair:6   | Reached skill level 14 in Axes
 23470 | Lair:6   | Found a runed door.
 23551 | Lair:6   | Paralysed by a hornet for 3 turns
 23960 | Lair:6   | Got a smoking hand crossbow
 24310 | Lair:6   | Identified a scroll of acquirement
 25299 | D:15     | Entered Level 15 of the Dungeon
 25301 | D:15     | Noticed Urug
 25315 | D:15     | Killed Urug
 25447 | D:15     | Found a staircase to the Depths.
 25447 | D:15     | Noticed a fire giant
 25465 | D:15     | Killed a fire giant
 25484 | D:15     | Found a basalt altar of Yredelemnul.
 26422 | Orc:1    | Entered Level 1 of the Orcish Mines
 26788 | Orc:2    | Entered Level 2 of the Orcish Mines
 26900 | Orc:2    | Noticed an orc warlord
 26936 | Orc:1    | Killed an orc warlord
 26999 | Orc:2    | Found Fojouso's Book Boutique.
 27209 | Orc:2    | Found Nuohy's Antique Armour Shoppe.
 27217 | Orc:2    | Bought a fine cloak for 294 gold pieces
 27217 | Orc:2    | Bought a jewelled plate armour for 868 gold pieces
 27248 | Orc:1    | Identified the +2 cloak "Dobot" {rF++ Int+3 Slay-4} (You bought it in a shop on level 2 of the Orcish Mines)
 27249 | Orc:1    | Identified the +1 plate armour of the Pink Corner {rF- MR+++ Str+9 Int-2} (You bought it in a shop on level 2 of the Orcish Mines)
 27259 | Orc:1    | Identified the cursed +3 hand crossbow "Jelly's Curse" {velocity, rF+ Int+3} (You found it on level 6 of the Lair of Beasts)
 27319 | Orc:2    | Found Hiokop's Antique Weapon Boutique.
 27501 | Orc:2    | Paralysed by an orc sorcerer for 5 turns
 27514 | Orc:2    | Noticed an orc warlord
 27534 | Orc:2    | Found Dehawania's General Store.
 27543 | Orc:2    | Killed an orc warlord
 27544 | Orc:2    | Reached XP level 16. HP: 63/145 MP: 24/24
 27812 | Orc:2    | Found a staircase to the Elven Halls.
 28584 | Snake:1  | Entered Level 1 of the Snake Pit
 28669 | Snake:1  | Reached skill level 15 in Axes
 28744 | Snake:1  | Noticed Aizul
 28748 | Snake:1  | Noticed an Executioner
 28932 | Snake:1  | Killed Aizul
 29401 | Snake:2  | Noticed Vashnia
 29414 | Snake:1  | Shot with a bolt by Vashnia

Skill      XL: |  1  2  3  4  5  6  7  8  9 10 11 12 13 14 15 16 |
---------------+-------------------------------------------------+-----
Axes           | 3 4 5 7 8 9 10 11 12 13 14 15 | 15.1
Dodging        | 1 3 4 5 7 8 9 10 11 12 | 12.6
Fighting       | 4 5 6 7 8 9 10 11 12 13 | 13.9
Armour         | 4 5 6 7 8 9 10 11 12 13 14 | 14.0
Shields        | 4 5 6 7 8 9 10 11 12 13 14 | 14.0
Invocations    | 4 6 8 10 11 12 13 | 13.2

Action                   |  1- 3 |  4- 6 |  7- 9 | 10-12 | 13-15 | 16-18 || total
-------------------------+-------+-------+-------+-------+-------+-------++-------
Melee: War axe           |    86 |   189 |   425 |   812 |  1093 |       ||  2605
       Headbutt          |     9 |    22 |    94 |   170 |   330 |    28 ||   653
       Broad axe         |       |       |       |       |   347 |   113 ||   460
Invok: Greater Servant o |       |       |       |       |    12 |     3 ||    15
       Minor Destruction |       |       |       |       |    27 |       ||    27
       Major Destruction |       |       |       |       |    10 |       ||    10
Evoke: Wand              |       |       |       |     3 |     8 |       ||    11
  Use: Scroll            |       |       |       |     4 |    31 |     3 ||    38
 Stab: Paralysed         |       |       |       |     7 |       |       ||     7
       Distracted        |       |       |       |       |     3 |       ||     3
  Eat: Chunk             |       |    10 |    13 |    27 |    36 |     4 ||    90
       Ration            |       |     2 |       |     1 |     2 |     1 ||     6
Armor: Scale mail        |     3 |       |       |       |       |       ||     3
       Chain mail        |    61 |   115 |   178 |   337 |   390 |       ||  1081
       Plate armour      |       |       |       |       |    69 |    67 ||   136
Dodge: Dodged            |    33 |    35 |   105 |   308 |   526 |    60 ||  1067
Block: Shield            |    48 |    81 |   171 |   532 |   859 |    98 ||  1789
